 Dungeon Crawl Stone Soup version 0.31-a0-167-g1c394c0614 (webtiles) character file.

Game seed: 4085366208494841418

0 lunkers the Insei (level 1, -3/17 HPs)
             Began as a Meteoran Wanderer on June 14, 2023.
             Succumbed to a kobold's poison
             ... on level 1 of the Dungeon.
             The game lasted 00:00:08 (38 turns).

lunkers the Insei (Meteoran Wanderer)                 Turns: 38, Time: 00:00:09

Health: -3/17      AC:  2    Str: 10    XL:     1   Next: 14%
Magic:  2/2        EV: 10    Int: 11    God:
Gold:   0          SH:  5    Dex: 18    Spells: 0/0 levels left

rFire   . . .        a - +0 falchion
rCold   . . .        c - +0 buckler
rNeg    . . .        e - +0 robe
rPois   .            (no helmet)
rElec   .            (no cloak)
rCorr   .            (no gloves)
SInv    .            (no boots)
Will    .....        (no amulet)
Stlth   +            (no ring)
HPRegen 0.22/turn    (no ring)
MPRegen 0.08/turn

%: no passive effects
@: lethally poisoned (-3 -> -22), glowing
A: sense surroundings 1, otherworldly, glowing, explore regen
a: no special abilities


You were on level 1 of the Dungeon.
You visited 1 branch of the dungeon, and saw 1 of its levels.

Inventory:

Hand Weapons
 a - a +0 falchion (weapon)
Armour
 c - a +0 buckler (worn)
 e - a +0 robe (worn)
Scrolls
 b - 2 scrolls of fear
Potions
 d - a potion of curing
 f - a potion of resistance {unknown}


   Skills:
 - Level 2.1 Fighting
 - Level 1.2 Long Blades
 - Level 1.2 Armour
 - Level 2.4 Shields
 + Level 3.7 Unarmed Combat
 - Level 1.2 Evocations


You couldn't memorise any spells.
You didn't know any spells.
Your spell library was empty.

Dungeon Overview and Level Annotations

Branches:
Dungeon (1/15) Zot: 708

Altars:


Innate Abilities, Weirdness & Mutations

You passively map a small area around you.
You are easily found by Zot.
You glow in the dark.
You regain HP and MP as you explore.


Message History

Welcome, lunkers the Meteoran Wanderer.
Below lies the Orb of Zot, rumoured to be powerful enough to resurrect a god...
Press ? for a list of commands and other information.
Found a staircase leading out of the dungeon.
You begin with the following items: a +0 falchion, 2 scrolls of fear, a +0 buckler, a potion of curing, a +0 robe.
Clearing quiver.
You enter the shallow water.
Moving in this stuff is going to be slow.
Found a stone staircase leading down.
You enter the shallow water.
Moving in this stuff is going to be slow.
f - a fuming dark potion A kobold comes into view.
It is wielding a +0 whip of venom.
The kobold shouts!
Found a scroll labelled TUW KUEHUE.
Found a stone staircase leading down.
The kobold barely misses you.
You hit the kobold but do no damage. The kobold misses you.
You closely miss the kobold.
The kobold hits you with a +0 whip of venom.
You are poisoned.
The kobold hits you with a +0 whip of venom.
* * * LOW HITPOINT WARNING * * *
You are more poisoned.
You slash the kobold!
You kill the kobold!
* * * LOW HITPOINT WARNING * * *
You feel extremely sick.
You die...

.......~≈~.......#
.......~≈~~......#
########≈≈≈#####.#
≈≈≈≈ #.## #≈ #..#
~ #..# #######..#
, ..>......#
.......@.# ,
......$.## ,
.........*
.........# , , ,
.........# *
........?#
.........#
#.......##


There were no monsters in sight!

Vanquished Creatures
  A kobold (D:1)
1 creature vanquished.

Notes
Turn   | Place    | Note
-------+----------+-------------------------------------------
     0 | D:1      | lunkers the Meteoran Wanderer began the quest for the Orb.
     0 | D:1      | lunkers set off with the following items: a +0 falchion, 2
                  | scrolls of fear, a +0 buckler, a potion of curing, a +0
                  | robe.
     0 | D:1      | Reached XP level 1. HP: 17/17 MP: 2/2
    38 | D:1      | Succumbed to a kobold's poison

Illustrated notes

Levels and vault maps discovered:
D:1:      lemuel_arrival_river_ford, layout_rooms

Action                     || total
---------------------------++-------
  Melee: Falchion          ||     3
  Dodge: Dodged            ||     2

Table legend: (Time is in decaauts)
 A = Elapsed time spent in this place.
 B = Non-inter-level travel time spent in this place.
 C = Inter-level travel time spent in this place.
 D = Time resting spent in this place.
 E = Time spent auto-exploring this place.
 F = Levels seen in this place.
 G = Mean time per level.
                   A        B        C        D        E       F      G
               +--------+--------+--------+--------+--------+-----+--------+
         Total |     41 |     41 |      0 |      0 |     31 |   1 |   41.0 |
       Dungeon |     41 |     41 |      0 |      0 |     31 |   1 |   41.0 |
               +--------+--------+--------+--------+--------+-----+--------+

Top non-repeatable levels by time:
     D:1: 41 daAuts
